 Dungeon Crawl Stone Soup version 0.30-a0-373-gd37427bb62 (webtiles) character file.

Game seed: 13405404354363630248

28 qeuew the Shield-Bearer (level 3, -3/19 HPs)
             Began as a Vine Stalker Fighter on Nov 23, 2022.
             Was a Follower of Dithmenos.
             Slain by a gnoll
             ... wielding a +1 halberd of distortion
              (5 damage)
             ... on level 2 of the Dungeon.
             The game lasted 00:01:43 (792 turns).

qeuew the Shield-Bearer (Vine Stalker Fighter)       Turns: 792, Time: 00:01:43

Health: -3/19      AC:  6    Str: 18    XL:     3   Next: 12%
Magic:  0/4        EV:  9    Int:  8    God:    Dithmenos [*.....]
Gold:   60         SH:  5    Dex: 15    Spells: 3/3 levels left

rFire   . . .      SeeInvis .    a - +0 war axe
rCold   . . .      Faith    .    c - +0 buckler
rNeg    . . .      Spirit   +    b - +0 scale mail
rPois   .          Reflect  .    (no helmet)
rElec   .          Harm     .    (no cloak)
rCorr   .          Rampage  .    (no gloves)
Will    +....                    (no boots)
Stlth   ..........               (no amulet)
HPRegen 0.23/turn                g - ring of willpower
MPRegen 0.09/turn                (no ring)

@: wreathed by umbra
A: fangs 2, magic shield, antimagic bite, no potion heal 2
a: Renounce Religion


You were on level 2 of the Dungeon.
You worshipped Dithmenos.
Dithmenos was aware of your devotion.
You visited 1 branch of the dungeon, and saw 2 of its levels.

You collected 60 gold pieces.

Inventory:

Hand Weapons
 a - a +0 war axe (weapon)
Armour
 b - a +0 scale mail (worn)
 c - a +0 buckler (worn)
Jewellery
 g - a ring of willpower (left hand)
Scrolls
 i - a scroll of butterflies {unknown}
 j - 3 scrolls of blinking {unknown}
Potions
 d - a potion of might
 e - a potion of haste {unknown}
 f - a potion of invisibility
 h - a potion of curing {unknown}


   Skills:
 * Level 2.8 Fighting
 * Level 2.0 Axes
 * Level 2.7 Armour
 * Level 0.7 Dodging
 + Level 0.0 Stealth
 * Level 2.9 Shields
 * Level 0.6 Spellcasting


You had 3 spell levels left.
You didn't know any spells.
Your spell library contained the following spells:

 Spells                   Type           Power      Damage    Failure   Level
 Necrotise                Necr           0%         1d4       87%         1
 Vampiric Draining        Necr           0%         2d6       99%         3
 Agony                    Necr           0%         N/A       100%        5


Dungeon Overview and Level Annotations

Branches:
Dungeon (2/15)

Altars:
Dithmenos


Innate Abilities, Weirdness & Mutations

You have extremely sharp teeth.
When hurt, damage is shared between your health and your magic reserves.
Your bite disrupts and absorbs the magic of your enemies.
Potions cannot restore your health.


Message History

h - a sedimented black potion
i - a scroll labelled OXZOULO USSYEL
Found a sling.
No target in view!
No target in view!
No target in view!
No target in view!
Found 6 stones.
j - 3 scrolls labelled HUEKHL XEKOFOR As you open the door, it creaks loudly!
No target in view!
No target in view!
No target in view!
No target in view!
No target in view!
You see here 6 stones.
A gnoll comes into view. It is wielding a +0 spear.
The gnoll shouts!
A gnoll is nearby!
A gnoll is nearby!
A gnoll is nearby!
Found a stone staircase leading down.
A gnoll comes into view. It is wielding a +0 spear.
A gnoll comes into view.
It is wielding a +1 halberd of distortion.
The gnoll shouts! x2
The gnoll barely misses you.
You closely miss the gnoll. You bite the gnoll, but do no damage.
A gnoll comes into view. It is wielding a +0 club.
The gnoll hits you but does no damage.
You closely miss the gnoll.
The gnoll shouts!
You bite the gnoll. You drain its power.
The gnoll is lightly wounded.
The gnoll completely misses you. The gnoll hits you with a +0 spear.
The gnoll hits you from afar with a +1 halberd of distortion.
Space warps around you.
The gnoll hits you from afar with a +1 halberd of distortion!
* * * LOW HITPOINT WARNING * * *
Space warps around you.
You die...

#.#####........####....##
###.####### ###..#. #...#
#..#. #(### #..#. #.#
...#. #.# .... ###.##.###
#...# ...>......#####
.....# ####.....@....+
...... #.####.g..##
...... #. #gg..# ..... #
#....# #....# #....#
#...g# ##...#


You could see 4 gnolls.

Vanquished Creatures
  4 ball pythons
  2 endoplasms
  2 giant cockroaches (D:1)
  2 goblins (D:1)
  8 jackals
  2 kobolds (D:1)
  A quokka (D:1)
  A rat (D:1)
22 creatures vanquished.

Notes
Turn   | Place    | Note
-------+----------+-------------------------------------------
     0 | D:1      | qeuew the Vine Stalker Fighter began the quest for the Orb.
     0 | D:1      | Reached XP level 1. HP: 11/11 MP: 2/2
    72 | D:1      | Reached XP level 2. HP: 16/16 MP: 3/3
   662 | D:1      | Reached XP level 3. HP: 19/19 MP: 4/4
   704 | D:2      | Found a faded altar of an unknown god.
   708 | D:2      | Prayed at the altar of an unknown god.
   708 | D:2      | Became a worshipper of Dithmenos the Shadowed
   708 | D:2      | Reached * piety under Dithmenos
   792 | D:2      | Slain by a gnoll

Illustrated notes

Levels and vault maps discovered:
D:1:      lemuel_arrival_broad_hall, layout_loops_ring
D:2:      layout_basic, nicolae_ecumenical_pavilion

Skill      XL: |  1  2 |
---------------+-------+-----
Axes           | 2 |  2.0
Fighting       | |  2.8
Armour         | |  2.7
Dodging        | |  0.7
Shields        | |  2.9
Spellcasting   | |  0.6

Action                   || total
-------------------------++-------
Melee: War axe           ||    56
       Bite              ||     9
  Use: Scroll            ||     1
Armor: Scale mail        ||    25
Dodge: Dodged            ||    29
Block: Buckler           ||    12

Table legend: (Time is in decaauts)
 A = Elapsed time spent in this place.
 B = Non-inter-level travel time spent in this place.
 C = Inter-level travel time spent in this place.
 D = Time resting spent in this place.
 E = Time spent auto-exploring this place.
 F = Levels seen in this place.
 G = Mean time per level.
                   A        B        C        D        E       F      G
               +--------+--------+--------+--------+--------+-----+--------+
         Total |    815 |    796 |     19 |      0 |    643 |   2 |  407.5 |
       Dungeon |    815 |    796 |     19 |      0 |    643 |   2 |  407.5 |
               +--------+--------+--------+--------+--------+-----+--------+

Top non-repeatable levels by time:
     D:1: 724 daAuts
     D:2: 91 daAuts
